 Dungeon Crawl Stone Soup version 0.30.0-30-g96aa6591b8 (webtiles) character file.

Game seed: 13111550117984104010

91 loir the Magician (level 4, -2/34 HPs)
             Began as a Djinni Conjurer on June 30, 2023.
             Slain by Robin
             ... wielding a +2 mace of draining
              (8 damage)
             ... on level 3 of the Dungeon.
             The game lasted 00:06:15 (1727 turns).

loir the Magician (Djinni Conjurer)                 Turns: 1727, Time: 00:06:15

Health: -2/34      AC:  2    Str:  6    XL:     4   Next: 87%
Gold:   147        EV: 12    Int: 21    God:
                   SH:  0    Dex: 12

rFire   + + .        i - +0 dagger
rCold   x . .        (no shield)
rNeg    + . .        a - +0 robe
rPois   ∞            (no helmet)
rElec   .            (no cloak)
rCorr   .            (no gloves)
SInv    +            (boots unavailable)
Will    .....        (no amulet)
Stlth   ++           d - ring of see invisible
HPRegen 0.25/turn    h - ring of positive energy
MPRegen 0.00/turn

%: infuse magic (-3 HP)
@: flying
A: sickness immunity, fire resistance 2, cold vulnerability 1, float, innate
caster, HP casting, extra vitality 1
a: no special abilities


You were on level 3 of the Dungeon.
You visited 1 branch of the dungeon, and saw 3 of its levels.

You collected 147 gold pieces.

Inventory:

Hand Weapons
 i - a +0 dagger (weapon)
Armour
 a - a +0 robe (worn)
Jewellery
 d - a ring of see invisible (left hand)
 h - a ring of positive energy (right hand)
Scrolls
 e - 2 scrolls of immolation
 j - a scroll of fog {unknown}
 l - a scroll of vulnerability {unknown}
 m - a scroll of torment {unknown}
 n - a scroll of teleportation
 o - a scroll of identify {unknown}
 r - a scroll of poison {unknown}
Potions
 b - a potion of degeneration {unknown}
 c - 2 potions of curing {unknown}
 f - a potion of mutation {unknown}
 g - 2 potions of heal wounds {unknown}
 k - a potion of berserk rage {unknown}
 p - a potion of cancellation {unknown}
 q - a potion of haste {unknown}


   Skills:
 * Level 2.4 Fighting
 + Level 3.0 Dodging
 - Level 1.5 Stealth
 * Level 3.8 Spellcasting


You knew the following spells:

 Your Spells              Type           Power      Damage    Failure   Level
a - Magic Dart            Conj           80%        1d7       2%          1
b - Searing Ray           Conj           40%        2d5       3%          2
c - Dazzling Flash        Conj/Hex       40%        N/A       8%          3
d - Fulminant Prism       Conj/Hex       10%        3d9       26%         4
e - Iskenderun's Mystic   Conj/Tloc      20%        2d6       26%         4
f - Sandblast             Erth           40%        2d10      2%          1
Your spell library was empty.

Dungeon Overview and Level Annotations

Branches:
Dungeon (3/15)

Altars:

Annotations:
D:3 Robin


Innate Abilities, Weirdness & Mutations

You are immune to sickness and miasma.
You are immune to poison.
Your flesh is very heat resistant. (rF++)
You are vulnerable to cold. (rC-)
You float through the air rather than walking.
You learn spells naturally, not from books.
Your magical power is your life essence.
You have superior vitality. (+4 MHP)


Message History

Confirm with . or Enter, or press ? or * to list all spells.
Aiming: Searing Ray (safe; 3% risk of failure)
Press: ? - help, Shift-Dir - straight line, f - dart slug
Aim: a dart slug (100% to hit)
The searing ray hits the dart slug!
The dart slug is severely wounded. (Press . to maintain the ray.)
The searing ray hits the dart slug.
The dart slug is almost dead.
You feel yourself speed up. The dart slug launches a dart at you.
The slug dart hits you.
The searing ray hits the dart slug!
You kill the dart slug!
The searing ray hits Robin.
Robin is heavily wounded.
* * * LOW HITPOINT WARNING * * *
Robin throws the goblin at you!
* * * LOW HITPOINT WARNING * * *
The searing ray hits Robin.
Robin is severely wounded.
* * * LOW HITPOINT WARNING * * *
You finish channelling your searing ray.
The goblin hits you with a +0 dagger.
* * * LOW HITPOINT WARNING * * *
You hit the goblin.
The goblin is severely wounded.
The goblin barely misses you.
You hit the goblin.
You kill the goblin!
Robin says, "Feeling lonely?"
Robin throws the goblin at you!
Your magical contamination has completely faded away.
You hit the goblin.
The goblin is severely wounded.
The goblin no longer looks unusually strong.
The goblin barely misses you.
Robin says, "My army is invincible!"
Robin hits you with a +2 mace of draining!
You die...

...... ### #######
..g).#####.# #.....#
gg........#####.....###
>g)..........'.....'..
*g#####.#####.....###
#. #.# #....†...
#.#)#####.# ###......
#..g.g@g..# #......
###.####### #...... ...
#...... #.#. #......
#.#. #...... # #. .. ..


You could see Robin and 2 goblins.

Vanquished Creatures
  2 adders (D:3)
  2 gnolls (D:2)
  A dart slug (D:3)
  4 endoplasms
  3 giant cockroaches
  2 hobgoblins
  2 kobolds (D:2)
  2 quokkas
  5 ball pythons
  4 bats
  3 frilled lizards
  10 goblins
  2 rats (D:1)
42 creatures vanquished.

Vanquished Creatures (others)
  A gnoll (D:2)
  A fulminant prism (D:3)
2 creatures vanquished.

Grand Total: 44 creatures vanquished

Notes
Turn   | Place    | Note
-------+----------+-------------------------------------------
     0 | D:1      | loir the Djinni Conjurer began the quest for the Orb.
     0 | D:1      | loir set off with the following spells memorised: Magic
                  | Dart, Searing Ray, Dazzling Flash, Fulminant Prism,
                  | Iskenderun's Mystic Blast.
     0 | D:1      | Reached XP level 1. HP: 15/15 MP: 0/0
    97 | D:1      | Found a faded altar of an unknown god.
   262 | D:1      | Reached XP level 2. HP: 21/22 MP: 0/0
   316 | D:1      | Reached skill level 1 in Fighting
   573 | D:2      | Reached XP level 3. HP: 23/27 MP: 0/0
   573 | D:2      | Learned a level 1 spell: Sandblast
   727 | D:2      | Reached XP level 4. HP: 32/33 MP: 0/0
  1715 | D:3      | Noticed Robin
  1727 | D:3      | Slain by Robin

Illustrated notes

Levels and vault maps discovered:
D:1:      matt_arrival_grand_opening, layout_rooms,
          shapermc_ecumenical_altar_acropolis
D:2:      layout_basic, wad_floor_pattern_1
D:3:      layout_basic, mainiacjoe_overflow_paths, minmay_strange_pillars,
          uniq_robin

Skill      XL: |  1  2  3  4 |
---------------+-------------+-----
Fighting       | 1 2 |  2.4
Dodging        | 3 |  3.0
Stealth        | |  1.5
Spellcasting   | |  3.8

Action                     |  1- 3 |  4- 6 || total
---------------------------+-------+-------++-------
  Melee: Dagger            |       |     5 ||     5
   Cast: Magic Dart        |    40 |    23 ||    63
         Searing Ray       |     2 |     2 ||     4
         Sandblast         |     2 |       ||     2
         Fulminant Prism   |       |     1 ||     1
    Use: Scroll            |     3 |       ||     3
 Armour: Robe              |     1 |     2 ||     3
  Dodge: Dodged            |     3 |     4 ||     7
